 Dungeon Crawl Stone Soup version 0.27.1 (webtiles) character file.

Game seed: 10762020578356956277

123 Destapler the Skirmisher (level 4, 0/37 HPs)
             Began as a Demonspawn Fighter on Aug 31, 2021.
             Slain by an orc wizard (2 damage)
             ... on level 3 of the Dungeon.
             The game lasted 00:03:46 (1665 turns).

Destapler the Skirmisher (Demonspawn Fighter)       Turns: 1665, Time: 00:03:47

Health: 0/37       AC:  3    Str: 17    XL:     4   Next: 79%
Magic:  6/6        EV:  9    Int:  9    God:
Gold:   76         SH:  9    Dex: 19    Spells: 5/5 levels left

rFire    . . .     SeeInvis .   d - +1 spear (vorpal)
rCold    . . .     Faith    .   c - +0 kite shield
rNeg     . . .     Spirit   .   m - +0 leather armour
rPois    .         Reflect  .   (helmet restricted)
rElec    .         Harm     .   (no cloak)
rCorr    .         Rampage  .   (no gloves)
Will     .....                  (no boots)
Stlth    +.........             o - amulet of magic regeneration
HPRegen  0.12/turn              g - ring of flight
MPRegen  0.35/turn              i - +6 ring of dexterity

@: mighty, brilliant, flying, hasted, very quick
A: horns 1
a: no special abilities


You were on level 3 of the Dungeon.
You visited 1 branch of the dungeon, and saw 3 of its levels.

You collected 76 gold pieces.

Inventory:

Hand Weapons
 a - a +0 long sword
 d - a +1 vorpal spear (weapon)
Armour
 b - a +0 scale mail
 c - a +0 kite shield (worn)
 m - a +0 leather armour (worn)
Jewellery
 g - a ring of flight (left hand)
 i - a +6 ring of dexterity (right hand)
 o - an amulet of magic regeneration (around neck)
Scrolls
 f - 3 scrolls of amnesia {unknown}
 h - a scroll of torment {unknown}
 j - a scroll of summoning {unknown}
 k - 3 scrolls of identify {unknown}
 n - a scroll of teleportation {unknown}
 q - a scroll of magic mapping {unknown}
Potions
 p - a potion of cancellation {unknown}


   Skills:
 + Level 3.9 Fighting
 - Level 2.2 Long Blades
 - Level 3.0 Armour
 + Level 1.4 Dodging
 - Level 3.0 Shields
 + Level 1.4 Spellcasting


You had 5 spell levels left.
You didn't know any spells.
Your spell library contained the following spells:

 Spells                   Type           Power      Damage    Failure   Level
 Foxfire                  Conj/Fire      0%         2x1d4     89%         1
 Conjure Flame            Conj/Fire      0%         6-21      99%         3
 Inner Flame              Hex/Fire       0%         N/A       99%         3
 Portal Projectile        Hex/Tloc       0%         N/A       99%         3
 Summon Ice Beast         Ice/Summ       0%         N/A       100%        4
 Blade Hands              Tmut           0%         N/A       100%        5
 Excruciating Wounds      Necr           0%         N/A       100%        5
 Summon Mana Viper        Hex/Summ       0%         N/A       100%        5
 Monstrous Menagerie      Summ           0%         N/A       100%        7


Dungeon Overview and Level Annotations

Branches:
Dungeon (3/15)

Altars:


Innate Abilities, Weirdness & Mutations

You have a pair of small horns on your head.


Message History

You see here 15 bolts.
q - a scroll labelled BYXU YDETUYVI An orc wizard comes into view.
It is wielding a +2 dagger of holy wrath.
The bat misses you.
The orc wizard shouts!
You hear a shout!
The bat barely misses you.
You puncture the bat!
You kill the bat!
A rat and an orc come into view.
You see here a bat corpse.
The orc shouts!
You hit the orc wizard. Your headbutt misses the orc wizard.
The orc wizard is moderately wounded.
You hear a shout! x2
The orc wizard casts a spell at you. The puff of flame hits you!
The orc throws a stone.
You block the stone.
An orc wizard comes into view. It is wielding a +0 dagger.
You puncture the orc wizard!
The orc wizard is almost dead.
The orc wizard hits you with a +2 dagger of holy wrath.
You convulse.
* * * LOW HITPOINT WARNING * * *
The orc wizard casts a spell at you. The magic dart hits you.
* * * LOW HITPOINT WARNING * * *
You barely miss the orc wizard. Your headbutt misses the orc wizard.
The orc wizard is almost dead.
An orc comes into view. It is wielding a +0 trident.
The orc wizard barely misses you.
It was a potion of brilliance.
You feel clever all of a sudden.
The orc wizard points at you and mumbles some strange words.
The magic dart hits you.
* * * LOW HITPOINT WARNING * * *
An orc wizard comes into view. It is wielding a +0 dagger.
It was a potion of haste.
You feel yourself speed up.
The orc wizard hits you with a +2 dagger of holy wrath.
* * * LOW HITPOINT WARNING * * *
You convulse.
You die...

...## ..# ## #..##.#
.# #<†..# .#
#.†.####.#
####.#...)..#
######....##....##
o.o.o............#
####...####......#
.....ro@.....(...###
..#.o................
....######............
..# ####...#....# #
######.#.. ####


You could see 3 orc wizards, 2 orcs and a rat.

Vanquished Creatures
  A scorpion (D:2)
  3 adders
  2 dart slugs (D:1)
  6 bats
  4 endoplasms
  A giant cockroach (D:2)
  A goblin (D:1)
  3 hobgoblins
  4 ball pythons
  3 frilled lizards
  2 kobolds
  A rat (D:1)
31 creatures vanquished.

Notes
Turn   | Place    | Note
-------+----------+-------------------------------------------
     0 | D:1      | Destapler the Demonspawn Fighter began the quest for the
                  | Orb.
     0 | D:1      | Reached XP level 1. HP: 18/18 MP: 1/1
   323 | D:1      | Gained mutation: You have a pair of small horns on your
                  | head. [demonic ancestry]
   323 | D:1      | Reached XP level 2. HP: 20/24 MP: 2/2
   923 | D:2      | Reached XP level 3. HP: 29/29 MP: 3/3
  1626 | D:3      | Noticed a scorpion
  1635 | D:2      | Killed a scorpion
  1636 | D:2      | Reached skill level 1 in Dodging
  1636 | D:2      | Reached skill level 1 in Spellcasting
  1636 | D:2      | Reached XP level 4. HP: 32/37 MP: 3/5
  1665 | D:3      | Slain by an orc wizard

Illustrated notes

Levels and vault maps discovered:
D:1:      lightli_arrival_statuegarden, layout_rooms
D:2:      layout_basic
D:3:      layout_rooms, mainiacjoe_overflow_concentric_impassable,
          nicolae_overflow_hidden_temple, serial_rivers,
          chequers_serial_rivers_room_a, chequers_serial_rivers_room_b,
          chequers_serial_rivers_micro_a, chequers_serial_rivers_small_b,
          uniq_grinder, uniq_ijyb

Skill      XL: |  1  2  3 |
---------------+----------+-----
Long Blades    | 2 |  2.2
Armour         | 3 |  3.0
Shields        | 3 |  3.0
Dodging        | 1 |  1.4
Spellcasting   | 1 |  1.4
Fighting       | |  3.9

Action                   |  1- 3 |  4- 6 || total
-------------------------+-------+-------++-------
Melee: Long sword        |    60 |     5 ||    65
       Headbutt          |     7 |       ||     7
       Spear             |       |     4 ||     4
  Use: Potion            |     1 |     2 ||     3
Armor: Scale mail        |    24 |       ||    24
       Leather armour    |     2 |     2 ||     4
Dodge: Dodged            |    16 |     4 ||    20
Block: Kite shield       |    32 |     5 ||    37
       Rpst.: Long sword |     6 |       ||     6
